 Dungeon Crawl Stone Soup version 0.30-a0-394-g3e4acdb (webtiles) character file.

Game seed: 8189470673481884617

1077 PurpleRed the Magician (level 8, 0/43 HPs)
             Began as a Deep Elf Reaver on Dec 6, 2022.
             Was an Initiate of Cheibriados.
             Slain by a wight
             ... wielding a +3 scimitar
              (11 damage)
             ... on level 7 of the Dungeon.
             The game lasted 00:24:16 (2293 turns).

PurpleRed the Magician (Deep Elf Reaver)            Turns: 2293, Time: 00:24:16

Health: 0/43       AC:  8    Str: 10    XL:     8   Next: 8%
Magic:  3/21       EV: 12    Int: 22    God:    Cheibriados [......]
Gold:   185        SH:  0    Dex: 14    Spells: 12/22 levels left

rFire   . . .      SeeInvis .    h - +1 short sword (venom)
rCold   . . .      Faith    .    (no shield)
rNeg    . . .      Spirit   .    b - +0 leather armour
rPois   .          Reflect  .    (no helmet)
rElec   .          Harm     .    s - +0 cloak
rCorr   .          Rampage  .    (no gloves)
Will    .....                    (no boots)
Stlth   +.........               (no amulet)
HPRegen 0.27/turn                d - +4 ring of protection
MPRegen 0.17/turn                e - +4 ring of slaying

@: immotile, slightly contaminated, very slow
A: no striking features
a: Renounce Religion


You were on level 7 of the Dungeon.
You worshipped Cheibriados.
Cheibriados was noncommittal.
You visited 2 branches of the dungeon, and saw 8 of its levels.

You collected 185 gold pieces.

Inventory:

Hand Weapons
 a - a +0 short sword
 h - a +1 short sword of venom (weapon)
 i - a +1 whip of electrocution
 j - a +0 shortbow
 k - a +1 whip of draining
 q - a +0 sling
Missiles
 c - 6 curare-tipped darts
 y - 10 poisoned darts
Armour
 b - a +0 leather armour (worn)
 g - a +0 ring mail
 s - a +0 cloak (worn)
 v - a +0 robe
 B - a scarf of invisibility
 D - +0 swamp dragon scales
Jewellery
 d - a +4 ring of protection (left hand)
 e - a +4 ring of slaying (right hand)
 n - a ring of fire
 p - a +6 ring of dexterity
 t - a ring of ice
 x - a ring of flight
Wands
 o - a wand of mindburst (9)
 u - a wand of iceblast (6)
 A - a wand of flame (30)
Scrolls
 f - a scroll of poison
 r - 3 scrolls of teleportation
 z - a scroll of butterflies
 F - a scroll of vulnerability {unknown}
Potions
 l - a potion of mutation
 m - 2 potions of curing
 w - a potion of flight {unknown}
 C - a potion of brilliance {unknown}
 E - a potion of lignification {unknown}


   Skills:
 - Level 1.5 Fighting
 - Level 3.0 Short Blades
 - Level 2.4 Dodging
 + Level 7.9 Spellcasting
 + Level 7.0 Conjurations
 * Level 4.9 Air Magic


You had 12 spell levels left.
You knew the following spells:

 Your Spells              Type           Power      Damage    Failure   Level
a - Kiss of Death         Conj/Necr      96%        2d12      2%          1
b - Momentum Strike       Conj/Tloc      48%        3d9       3%          2
c - Wereblood             Tmut           8%         N/A       16%         2
d - Arcjolt               Conj/Air       17%        1d27      24%         5

Your spell library contained the following spells:

 Spells                   Type           Power      Damage    Failure   Level
 Hailstorm                Conj/Ice       24%        3d7       8%          3
 Vhi's Electric Charge    Tloc/Air       38%        N/A       11%         3
 Sublimation of Blood     Necr           8%         N/A       16%         2
 Portal Projectile        Hex/Tloc       16%        N/A       30%         3
 Tukima's Dance           Hex            8%         N/A       30%         3
 Blade Hands              Tmut           4%         N/A       96%         5
 Summon Hydra             Summ           4%         N/A       100%        7
 Maxwell's Capacitive Co  Air            15%        ∞         100%        8


Dungeon Overview and Level Annotations

Branches:
Dungeon (7/15)             Temple (1/1) D:5

Altars:
Ashenzari
Cheibriados
Fedhas
Gozag
Nemelex Xobeh
Okawaru
Qazlal
Sif Muna
Uskayaw
Yredelemnul


Message History

Casting: Momentum Strike (safe; 3% risk of failure)
Confirm with . or Enter, or press ? or * to list all spells.
Okay, then.
Casting: Momentum Strike (safe; 3% risk of failure)
Confirm with . or Enter, or press ? or * to list all spells.
Okay, then.
Casting: Momentum Strike (safe; 3% risk of failure)
Confirm with . or Enter, or press ? or * to list all spells.
Aiming: Momentum Strike (safe; 3% risk of failure)
Press: ? - help, Dir - move target, f - wight
Aim: a wight, wielding a +0 battleaxe and wearing a +0 robe (74% to hit)
The concentrated momentum misses the wight.
Casting: Momentum Strike (safe; 3% risk of failure)
Confirm with . or Enter, or press ? or * to list all spells.
Aiming: Momentum Strike (safe; 3% risk of failure)
Press: ? - help, Dir - move target, f/p - wight
Aim: a wight, wielding a +0 battleaxe and wearing a +0 robe (74% to hit)
The concentrated momentum hits the wight!
The wight is destroyed!
You are unable to move.
Casting: Momentum Strike (safe; 3% risk of failure)
Confirm with . or Enter, or press ? or * to list all spells.
The spell is extremely dangerous to miscast (24% risk of failure)!
Continue anyway?
You miscast Arcjolt.
You are very lightly contaminated with residual magic.
Nothing appears to happen.
The wight closely misses you.
Casting: Arcjolt (extremely dangerous; 24% risk of failure)
Confirm with . or Enter, or press ? or * to list all spells.
The spell is extremely dangerous to miscast (24% risk of failure)!
Continue anyway?
You miscast Arcjolt.
The wind whips around you! The wight misses you.
The wight hits you with a +0 morningstar!
Casting: Arcjolt (extremely dangerous; 24% risk of failure)
Confirm with . or Enter, or press ? or * to list all spells.
The spell is extremely dangerous to miscast (24% risk of failure)!
Continue anyway?
You miscast Arcjolt.
You are lightly contaminated with residual magic.
You are blasted with air!
* * * LOW HITPOINT WARNING * * *
The wight hits you with a +3 scimitar!
You die...

.# .
.#. .#.
..
###.#
...#
#..#
#@.#
#zz#
#).#
#..#
....
.....
.....
#######


You could see 2 wights.

Vanquished Creatures
  Pikel (D:6)
  A steam dragon (D:6)
  A water moccasin (D:6)
  An ogre (D:6)
  A lemure (D:6)
  3 scorpions
  A jelly (D:4)
  4 hounds
  2 iguanas
  3 adders
  An ufetubus (D:6)
  A dart slug (D:4)
  3 orcs
  3 ball pythons
  3 endoplasms (D:4)
  A giant cockroach (D:1)
  4 goblins
  2 hobgoblins
  3 kobolds
  4 quokkas
  A bat (D:3)
  6 rats
50 creatures vanquished.

Vanquished Creatures (others)
  Maggie (D:6)
  Menkaure (D:6)
  2 black bears (D:5)
  A phantom (D:5)
  A necrophage (D:5)
  A wight (D:7)
  A howler monkey (D:5)
  4 hounds
  An iguana (D:6)
  An orc wizard (D:4)
  3 adders
  A shadow imp (D:5)
  2 ufetubi
  A dart slug (D:5)
  An orc (D:5)
  A kobold (D:3)
23 creatures vanquished.

Grand Total: 73 creatures vanquished

Notes
Turn   | Place    | Note
-------+----------+-------------------------------------------
     0 | D:1      | PurpleRed the Deep Elf Reaver began the quest for the Orb.
     0 | D:1      | Reached XP level 1. HP: 12/12 MP: 6/6
   128 | D:1      | Reached XP level 2. HP: 16/16 MP: 8/8
   178 | D:1      | Learned a level 2 spell: Momentum Strike
   470 | D:3      | Reached XP level 3. HP: 14/20 MP: 6/10
   545 | D:3      | Learned a level 2 spell: Wereblood
   709 | D:5      | Entered Level 5 of the Dungeon
   952 | D:4      | Noticed a scorpion
   956 | D:4      | Killed a scorpion
   964 | D:4      | Reached XP level 4. HP: 21/25 MP: 9/12
  1109 | D:5      | Noticed a black bear
  1109 | D:5      | Noticed a phantom
  1209 | D:5      | Noticed a scorpion
  1217 | D:5      | Killed a scorpion
  1218 | D:5      | Reached skill level 5 in Spellcasting
  1229 | D:5      | Noticed a black bear
  1237 | D:5      | Killed a black bear
  1238 | D:5      | Reached skill level 5 in Conjurations
  1238 | D:5      | Reached XP level 5. HP: 18/29 MP: 9/15
  1316 | D:6      | Noticed Maggie
  1316 | D:6      | Noticed a steam dragon
  1394 | D:5      | Learned a level 5 spell: Arcjolt
  1425 | D:5      | Killed a phantom
  1493 | D:6      | Noticed a water moccasin
  1506 | D:6      | Killed a water moccasin
  1507 | D:6      | Reached skill level 1 in Air Magic
  1507 | D:6      | Reached XP level 6. HP: 28/34 MP: 7/17
  1507 | D:6      | Noticed Menkaure
  1662 | D:5      | Found a staircase to the Ecumenical Temple.
  1679 | Temple   | Entered the Ecumenical Temple
  1732 | Temple   | Became a worshipper of Cheibriados the Contemplative
  1918 | D:6      | Killed Menkaure
  2058 | D:6      | Reached XP level 7. HP: 37/38 MP: 16/19
  2075 | D:6      | Killed Maggie
  2104 | D:6      | Killed a steam dragon
  2116 | D:6      | Noticed Pikel
  2185 | D:6      | Found a hide-covered altar of Uskayaw.
  2202 | D:6      | Killed Pikel
  2203 | D:6      | Reached XP level 8. HP: 40/43 MP: 15/21
  2293 | D:7      | Slain by a wight

Illustrated notes

Levels and vault maps discovered:
D:1:      lemuel_arrival_cross, layout_rooms,
          hellmonk_ecumenical_altar_defaced_shrine
D:2:      layout_basic
D:3:      layout_loops_ring, serial_bayou_pond_a, mrwooster_statue_mirror
D:4:      layout_basic
D:5:      layout_basic, makhleb_grotto_becter, minmay_temple_entry_glass
D:6:      layout_cave_pools, mainiacjoe_overflow_six_doors_small,
          zin_scriptorium, uniq_pikel, uniq_menkaure, uniq_maggie
D:7:      layout_rooms, amcnicky_altar_gilded, mainiacjoe_overflow_alcove_2,
          nicolae_overflow_hidden_temple
Temple:   hellmonk_temple_forest_ring

Skill      XL: |  1  2  3  4  5  6  7 |
---------------+----------------------+-----
Spellcasting   | 4 5 6 7 |  7.9
Conjurations   | 4 5 6 7 |  7.0
Air Magic      | 1 2 4 |  4.9
Fighting       | |  1.5
Short Blades   | |  3.0
Dodging        | |  2.4

Action                   |  1- 3 |  4- 6 |  7- 9 || total
-------------------------+-------+-------+-------++-------
Melee: Short sword       |    95 |   100 |    17 ||   212
       Punch             |     1 |     3 |       ||     4
 Cast: Momentum Strike   |    12 |    34 |    14 ||    60
       Wereblood         |       |     1 |       ||     1
       Kiss of Death     |       |       |     1 ||     1
Evoke: Wand              |       |     2 |     2 ||     4
  Use: Scroll            |     8 |     2 |     1 ||    11
       Potion            |       |       |     3 ||     3
 Stab: Invisible         |       |       |     3 ||     3
Armor: Leather armour    |    23 |    50 |     2 ||    75
Dodge: Dodged            |    48 |    60 |    21 ||   129

Table legend: (Time is in decaauts)
 A = Elapsed time spent in this place.
 B = Non-inter-level travel time spent in this place.
 C = Inter-level travel time spent in this place.
 D = Time resting spent in this place.
 E = Time spent auto-exploring this place.
 F = Levels seen in this place.
 G = Mean time per level.
                   A        B        C        D        E       F      G
               +--------+--------+--------+--------+--------+-----+--------+
         Total |   2378 |   2200 |    178 |     71 |     65 |   8 |  297.2 |
       Dungeon |   2306 |   2143 |    163 |     71 |     65 |   7 |  329.4 |
        Temple |     72 |     57 |     15 |      0 |      0 |   1 |   72.0 |
               +--------+--------+--------+--------+--------+-----+--------+

Top non-repeatable levels by time:
     D:5: 660 daAuts
     D:4: 553 daAuts
     D:6: 478 daAuts
     D:3: 375 daAuts
     D:1: 186 daAuts
  Temple: 72 daAuts
     D:2: 41 daAuts
     D:7: 10 daAuts
